|
||||||||||||||||||||||||||||||||||||||||||||||||||||||||||||||||||||||||||||||||||||||||||||||||||||||||||||||||||||||||||||||||||||||||||||
| ||||||||||||||||||||||||||||||||||||||||||||||||||||||||||||||||||||||||||||||||||||||||||||||||||||||||||||||||||||||||||||||||||||||||||||
| Bottom of the 5th over - 0 runs, 0 hits, 0 errors, 0 left on base; Americus 0 - Palm Beach 1 | ||||||||||||||||||||||||||||||||||||||||||||||||||||||||||||||||||||||||||||||||||||||||||||||||||||||||||||||||||||||||||||||||||||||||||||
| TOP OF THE 6TH | |
|---|---|
| Americus Braves batting - Pitching for Palm Beach Nationals : LHP Mark Ellis | |
| Pitching: RHP Ben Lowe | |
| Batting: LHB Garret Mathis |
0-0: Called Strike 0-1: Swinging Strike 0-2: Ball 1-2: Strikes out looking |
| Batting: RHB Scott Hansen |
0-0: Swinging Strike 0-1: Ground out 5-3 (Groundball, 56, EV 81.9 MPH) |
| Batting: RHB Ricardo Joya | 0-0: Fly out, F7 (Line Drive, 7, EV 91.2 MPH) |
| Top of the 6th over - 0 runs, 0 hits, 0 errors, 0 left on base; Americus 0 - Palm Beach 1 | |
| BOTTOM OF THE 6TH | |
|---|---|
| Palm Beach Nationals batting - Pitching for Americus Braves : RHP Jose Rivero | |
| Batting: RHB Ivan Torres |
0-0: Ball 1-0: Ball 2-0: Ball 3-0: Called Strike 3-1: Base on Balls |
| Batting: RHB Victor Rojas | 0-0: Fly out, F7 (Flyball, 7, EV 86.2 MPH) |
| Batting: RHB Alex Martinez |
0-0: Called Strike 0-1: Ball 1-1: Called Strike 1-2: Ball 2-2: Ball 3-2: Foul Ball, location: 2F 3-2: Base on Balls Ivan Torres to second |
| Batting: RHB Rudolph Lentz |
0-0: Ball 1-0: Fly out, F8 (Line Drive, 8RD, EV 88.8 MPH) |
| Batting: RHB Charlie Iacovone | 0-0: Ground out 4-3 (Groundball, 4, EV 101.9 MPH) |
| Bottom of the 6th over - 0 runs, 0 hits, 0 errors, 2 left on base; Americus 0 - Palm Beach 1 | |
| TOP OF THE 7TH | |
|---|---|
| Americus Braves batting - Pitching for Palm Beach Nationals : RHP Ben Lowe | |
| Batting: RHB Ryan Cole |
0-0: Ball 1-0: Foul Ball, location: 2F 1-1: Foul Ball, location: 2F 1-2: Ball 2-2: Ground out 5-3 (Groundball, 56, EV 105.0 MPH) |
| Batting: RHB Juan Gonzalez | 0-0: Ground out 3-1 (Groundball, 34, EV 110.0 MPH) |
| Pinch Hitting: RHB Josh Maxwell |
0-0: Swinging Strike 0-1: SINGLE (Groundball, 56, EV 100.6 MPH) |
| Batting: LHB Pappy Sterile |
0-0: Ball 1-0: Ball 2-0: Foul Ball, location: 2F 2-1: Ball 3-1: Foul Ball, location: 2F 3-2: Foul Ball, location: 2F 3-2: Strikes out swinging |
| Top of the 7th over - 0 runs, 1 hit, 0 errors, 1 left on base; Americus 0 - Palm Beach 1 | |
| BOTTOM OF THE 7TH | |
|---|---|
| Palm Beach Nationals batting - Pitching for Americus Braves : RHP Jose Rivero | |
| Now at 2B: Juan Barela | |
| Batting: RHB Kenny Ball |
0-0: Swinging Strike 0-1: SINGLE (Groundball, 56D, EV 100.6 MPH) |
| Batting: SHB John Husson |
0-0: Ball 1-0: Grounds into double play, 5-4-3 (Groundball, 56, EV 83.8 MPH) |
| Batting: LHB Tony Olvera | 0-0: SINGLE (Line Drive, 9S, EV 89.4 MPH) |
| Batting: RHB Jess Thomas |
0-0: SINGLE (Flyball, 3D, EV 91.9 MPH) Tony Olvera to second Runner from 2nd tries for 3rd, SAFE, throw by RF made to third |
| Batting: RHB Ivan Torres |
0-0: Ball 1-0: Ground out 4-3 (Groundball, 4, EV 78.8 MPH) |
| Bottom of the 7th over - 0 runs, 3 hits, 0 errors, 2 left on base; Americus 0 - Palm Beach 1 | |
| TOP OF THE 8TH | |
|---|---|
| Americus Braves batting - Pitching for Palm Beach Nationals : RHP Ben Lowe | |
| Batting: RHB Alex Guerra | 0-0: SINGLE (Groundball, 56D, EV 110.6 MPH) |
| Batting: RHB Wilson Salgado |
0-0: Sac Bunt to 13 - play at first, batter OUT! 1-3 Alex Guerra to second |
| Pitching: RHP Faradur Bhutani | |
| Batting: LHB Garret Mathis |
0-0: Foul Ball, location: 2F 0-1: Foul Ball, location: 2F 0-2: SINGLE (Line Drive, 6M, EV 95.0 MPH) Alex Guerra to third |
| Batting: RHB Scott Hansen |
0-0: Foul Ball, location: 2F 0-1: Ball 1-1: Ball 2-1: TRIPLE (Line Drive, 89XD, EV 105.0 MPH) Alex Guerra scores Garret Mathis scores |
| Batting: RHB Ricardo Joya |
0-0: Ball 1-0: Ground out 6-3 (Groundball, 6, EV 83.8 MPH) |
| Batting: RHB Ryan Cole |
0-0: Ball 1-0: Swinging Strike 1-1: Foul Ball, location: 2F 1-2: Strikes out swinging |
| Top of the 8th over - 2 runs, 3 hits, 0 errors, 1 left on base; Americus 2 - Palm Beach 1 | |
| BOTTOM OF THE 8TH | |
|---|---|
| Palm Beach Nationals batting - Pitching for Americus Braves : RHP Jose Rivero | |
| Pinch Hitting: RHB Qian Tai |
0-0: Ball 1-0: Ball 2-0: Ball 3-0: Base on Balls |
| Pinch Hitting: RHB Ryan Wright |
0-0: Foul Ball, location: 2F 0-1: Ball 1-1: Foul Ball, location: 2F 1-2: Ball 2-2: Ball 3-2: Fielders Choice at 2nd, 5-4 (Groundball, 56, EV 83.8 MPH) |
| Pinch Hitting: RHB Ken Yeadon |
0-0: Ball Pickoff Throw to First - Out! 1-3 1-0: Foul Ball, location: 2F 1-1: Ball 2-1: Called Strike 2-2: Ground out 6-3 (Groundball, 4MS, EV 85.6 MPH) |
| Bottom of the 8th over - 0 runs, 0 hits, 0 errors, 0 left on base; Americus 2 - Palm Beach 1 | |
| TOP OF THE 9TH | |
|---|---|
| Americus Braves batting - Pitching for Palm Beach Nationals : RHP Faradur Bhutani | |
| Now at 2B: Alex Gonzalez | |
| Now in LF: Carlos Guadarrama | |
| Now in RF: Joe Simmelink | |
| Batting: RHB Juan Gonzalez |
0-0: Foul Ball, location: 2F 0-1: Ball 1-1: Ball 2-1: Called Strike 2-2: Ground out 1-3 (Groundball, 34S, EV 70.0 MPH) |
| Batting: RHB Juan Barela |
0-0: Called Strike 0-1: Foul Ball, location: 2F 0-2: Strikes out swinging |
| Batting: LHB Pappy Sterile |
0-0: Called Strike 0-1: Fly out, F9 (Flyball, 9, EV 90.0 MPH) |
| Top of the 9th over - 0 runs, 0 hits, 0 errors, 0 left on base; Americus 2 - Palm Beach 1 | |
| BOTTOM OF THE 9TH | |
|---|---|
| Palm Beach Nationals batting - Pitching for Americus Braves : RHP Jose Rivero | |
| Pitching: RHP Bill Marshall | |
| Batting: RHB Charlie Iacovone |
0-0: Called Strike 0-1: Foul Ball, location: 2F 0-2: Ball 1-2: DOUBLE (Line Drive, 5D, EV 108.8 MPH) |
| Pinch Hitting: RHB Jon Ortiz |
0-0: Called Strike 0-1: Foul Ball, location: 2F 0-2: Ball 1-2: Strikes out swinging |
| Pinch Hitting: RHB Colin Morris |
0-0: Ball 1-0: Called Strike 1-1: Foul Ball, location: 2F 1-2: Foul Ball, location: 2F 1-2: Strikes out swinging |
| Pinch Hitting: RHB Jason Curry |
0-0: Ball 1-0: Foul Ball, location: 2F 1-1: Foul Ball, location: 2F 1-2: Strikes out looking |
| Bottom of the 9th over - 0 runs, 1 hit, 0 errors, 1 left on base; Americus 2 - Palm Beach 1 | |

| Tuesday, March 28th , 2023 - OOTP Baseball 23.10 Build 110 |